AoeStats
← Mr Dô

Nomad

506301358Analyzed
4v4 RM · 20d ago on Sep 13, 2026· 67m 44s· 8 players
Game mode
Random Map
Map size
231×231
Population
200
Speed
Normal
Resources
Standard
Victory
Conquest
Starting age
Dark Age
Ending age
Imperial Age
RankedLock teamsTeams togetherTeam positionsShared explorationLock speedFull tech treeHidden civsTurbo modeCheats
Victory
Defeat
🇲🇽 Mapuche · Mexico
1562
+15
🇦🇷 Spanish · Argentina
1548
+15
🇨🇳 Vietnamese · China
1520
+17
🇻🇳 Magyars · Vietnam
1456
+19
🇺🇸 Koreans · United States
1600
-18
🇲🇽 Magyars · Mexico
1562
-18
🇺🇸 Wu · United States
1534
-17
🇺🇸 Persians · United States
1438
-13
sgt peppers s
5:20 Loom
13:43 Feudal Age
18:08 Castle Age
17:17 Double-Bit Axe
17:26 Gold Mining
18:25 Fletching
19:54 Wheelbarrow
19:20 Bodkin Arrow
21:55 Wheelbarrow
22:00 Padded Archer Armor
32:34 Hand Cart
37:19 Ballistics
37:16 Leather Archer Armor
39:43 Imperial Age
37:56 Malon
38:45 Bow Saw
38:17 Horse Collar
39:14 Gold Shaft Mining
39:56 Elite Bolas Rider
41:00 Conscription
40:47 Butalmapu
42:42 Chemistry
58:37 Hoardings
59:12 Ring Archer Armor
63:22 Caravan
64:56 Capped Ram
0.0
13:29 Feudal Age
17:35 Castle Age
15:23 Double-Bit Axe
19:19 Bow Saw
20:25 Horse Collar
27:19 Loom
28:14 Wheelbarrow
29:11 Gold Mining
29:13 Stone Mining
30:53 Stone Shaft Mining
33:14 Imperial Age
31:02 Hand Cart
31:01 Fletching
32:06 Thumb Ring
31:59 Bodkin Arrow
32:43 Padded Archer Armor
33:15 Ballistics
33:33 Guard Tower
34:10 Bracer
35:06 Leather Archer Armor
36:11 Two-Man Saw
36:54 Chemistry
37:02 Elite Rattan Archer
39:58 Ring Archer Armor
40:48 Capped Ram
42:35 Paper Money
43:06 Keep
52:51 Coinage
52:32 Guilds
61:27 Banking
62:40 Scale Barding Armor
62:46 Forging
62:16 Elite Battle Elephant
62:57 Husbandry
63:07 Bloodlines
63:31 Chatras
64:07 Hoardings
66:02 Chain Barding Armor
BĂNG GIÁ PRO
12:42 Feudal Age
16:16 Castle Age
14:03 Double-Bit Axe
14:56 Stone Mining
15:37 Fishing Lines
17:10 Bow Saw
20:25 Horse Collar
21:09 Heavy Plow
22:32 Loom
22:32 Town Watch
25:55 Wheelbarrow
33:33 Imperial Age
31:32 Fletching
32:16 Hand Cart
32:09 Scale Barding Armor
32:11 Gold Mining
32:46 Forging
33:11 Bloodlines
33:02 Husbandry
34:13 Chain Barding Armor
34:46 Iron Casting
33:36 Cavalier
34:37 Conscription
35:18 Guilds
36:11 Plate Barding Armor
35:47 Paladin
37:41 Two-Man Saw
37:09 Padded Archer Armor
38:43 Coinage
39:29 Blast Furnace
40:02 Leather Archer Armor
40:28 Banking
40:14 Light Cavalry
40:53 Elite Conquistador
44:16 Hussar
47:05 Bodkin Arrow
47:54 Stone Shaft Mining
47:57 Bracer
48:27 Ring Archer Armor
52:41 Ballistics
53:14 Capped Ram
54:27 Supremacy
55:15 Murder Holes
55:39 Caravan
Mr Dô
4:34 Loom
13:09 Feudal Age
18:18 Castle Age
17:43 Bloodlines
17:20 Double-Bit Axe
30:43 Wheelbarrow
32:05 Scale Barding Armor
32:06 Gold Mining
32:09 Stone Mining
32:27 Husbandry
36:17 Scale Barding Armor
45:43 Fervor
46:21 Light Cavalry
47:22 Medium Warships
52:19 Hand Cart
52:48 Bow Saw
54:07 Gold Shaft Mining
54:11 Fishing Lines
58:40 Imperial Age
56:50 Fletching
57:13 Padded Archer Armor
57:21 Corvinian Army
60:46 Chemistry
62:17 Thumb Ring
63:07 Horse Collar
66:13 Conscription
66:28 Murder Holes
66:58 Ballistics
67:14 Heavy Warships
César UAM
4:10 Loom
13:06 Feudal Age
19:34 Scale Barding Armor
20:04 Double-Bit Axe
24:03 Castle Age
22:01 Gold Mining
22:38 Bloodlines
24:08 Light Cavalry
24:49 Husbandry
26:08 Wheelbarrow
28:18 Bow Saw
32:29 Hand Cart
37:27 Imperial Age
35:43 Chain Barding Armor
38:02 Stone Mining
38:48 Gold Shaft Mining
37:47 Cavalier
39:04 Plate Barding Armor
40:39 Paladin
58:20 Horse Collar
66:17 Heavy Plow
67:08 Hussar
Mrdood
6:14 Loom
15:35 Feudal Age
16:15 Double-Bit Axe
16:15 Fishing Lines
19:14 Castle Age
18:38 Gold Mining
19:19 Fletching
19:26 Stone Mining
20:36 Bow Saw
20:29 Bodkin Arrow
21:26 Medium Warships
21:07 Gillnets
22:55 Murder Holes
24:00 Stone Shaft Mining
24:47 Stone Shaft Mining
24:13 Padded Archer Armor
25:15 Ballistics
25:35 Leather Archer Armor
26:24 Guard Tower
29:54 Horse Collar
35:54 Imperial Age
33:39 Red Cliffs Tactics
34:01 Squires
33:47 Arson
36:06 Scale Mail Armor
36:16 Forging
38:02 Chain Mail Armor
38:22 Iron Casting
39:51 Sitting Tiger
42:01 Chemistry
42:09 Plate Mail Armor
42:24 Gold Shaft Mining
54:41 Bloodlines
54:32 Husbandry
53:53 Light Cavalry
55:10 Light Cavalry
56:25 Scale Barding Armor
57:21 Blast Furnace
56:25 Hussar
58:42 Chain Barding Armor
64:32 Heavy Plow
PRESIDING JUSTICE BRETT KAVANUGH
3:22 Loom
13:35 Feudal Age
15:51 Double-Bit Axe
20:32 Castle Age
18:58 Fletching
19:02 Stone Mining
19:04 Gold Mining
21:41 Medium Warships
21:48 Bow Saw
22:32 Stone Shaft Mining
21:40 Fishing Lines
23:05 Wheelbarrow
23:16 Horse Collar
23:54 Squires
26:10 Bodkin Arrow
27:08 Arson
27:21 Town Watch
27:40 Scale Mail Armor
29:05 Murder Holes
30:51 Masonry
33:09 Gold Shaft Mining
33:52 Ballistics
34:52 Heavy Plow
37:55 Imperial Age
37:32 Chain Mail Armor
37:28 Forging
37:29 Pikeman
38:10 Elite Fire Lancer
39:34 Conscription
39:55 Plate Mail Armor
39:27 Bracer
40:53 Iron Casting
40:56 Light Cavalry
41:37 Husbandry
41:13 Halberdier
43:17 Capped Ram
46:25 Elite Skirmisher
49:05 Scale Barding Armor
50:37 Architecture
65:26 Gillnets
ila
4:19 Loom
5:04 Loom
14:04 Feudal Age
14:35 Double-Bit Axe
15:25 Fletching
16:15 Wheelbarrow
15:25 Town Watch
19:51 Castle Age
19:35 Horse Collar
20:36 Medium Warships
20:25 Bodkin Arrow
20:44 Bow Saw
20:25 Fishing Lines
20:52 Gold Mining
21:10 Gillnets
22:21 Gold Shaft Mining
24:26 Wheelbarrow
25:32 Stone Mining
26:04 Heavy Plow
29:08 Scale Barding Armor
29:13 Forging
32:15 Imperial Age
31:36 Hand Cart
33:01 Stone Shaft Mining
33:59 Chain Barding Armor
34:51 Conscription
35:45 Two-Man Saw
35:36 Husbandry
35:47 Bloodlines
37:19 Plate Barding Armor
38:10 Crop Rotation
42:04 Iron Casting
43:00 Padded Archer Armor
44:00 Blast Furnace
43:04 Kamandaran
42:35 Crossbowman
43:21 Thumb Ring
44:59 Leather Archer Armor
45:51 Chemistry
45:39 Ballistics
47:14 Hoardings
48:20 Masonry
48:59 Caravan
49:39 Coinage
54:34 Light Cavalry
56:14 Ring Archer Armor
56:50 Citadels
57:14 Architecture
57:21 Hussar
61:28 Banking
Connection lost

Rejoining the realm…

Still unreachable

The connection could not be restored.

Session expired

The server has moved on; the page needs a fresh start.